 Dungeon Crawl Stone Soup version 0.30-a0-570-g486de37d69 (webtiles) character file.

Game seed: 9865672502019366527

13 rsvaco the Conjurer (level 2, 0/17 HPs)
             Began as a Gargoyle Reaver on Dec 29, 2022.
             Slain by a ball python (2 damage)
             ... on level 1 of the Dungeon.
             The game lasted 00:00:54 (93 turns).

rsvaco the Conjurer (Gargoyle Reaver)                 Turns: 93, Time: 00:00:55

Health: 0/17       AC:  5    Str: 15    XL:     2   Next: 37%
Magic:  5/5        EV:  8    Int: 13    God:
Gold:   0          SH:  2    Dex:  8    Spells: 4/5 levels left

rFire   . . .      SeeInvis .    a - +0 mace
rCold   . . .      Faith    .    c - +0 buckler
rNeg    + . .      Spirit   .    b - +0 leather armour
rPois   ∞          Reflect  .    (no helmet)
rElec   +          Harm     .    (no cloak)
rCorr   .          Rampage  .    (no gloves)
Will    .....                    (no boots)
Stlth   +                        (no amulet)
HPRegen 0.22/turn                (no ring)
MPRegen 0.09/turn                (no ring)

@: constricted
A: sickness immunity, AC +2, negative energy resistance 1, electricity
resistance, torment resistance 1, petrification resistance
a: no special abilities


You were on level 1 of the Dungeon.
You visited 1 branch of the dungeon, and saw 1 of its levels.

Inventory:

Hand Weapons
 a - a +0 mace (weapon)
Missiles
 d - 22 stones
Armour
 b - a +0 leather armour (worn)
 c - a +0 buckler (worn)


   Skills:
 + Level 2.2 Fighting
 + Level 3.3 Maces & Flails
 + Level 1.7 Dodging
 + Level 2.0 Spellcasting
 + Level 3.5 Conjurations


You had 4 spell levels left.
You knew the following spells:

 Your Spells              Type           Power      Damage    Failure   Level
a - Kiss of Death         Conj/Necr      20%        2d7       22%         1

Your spell library contained the following spells:

 Spells                   Type           Power      Damage    Failure   Level
 Momentum Strike          Conj/Tloc      10%        3d8       32%         2
 Hailstorm                Conj/Ice       5%         3d4       54%         3


Dungeon Overview and Level Annotations

Branches:
Dungeon (1/15)

Altars:


Innate Abilities, Weirdness & Mutations

You are immune to sickness and miasma.
Your stone body is resilient. (AC +2)
You are immune to poison.
You resist negative energy. (rN+)
You are resistant to electric shocks. (rElec)
You are resistant to unholy torment.
You are immune to petrification.


Message History

You are too injured to fight recklessly!
You escape the ball python's grasp.
The bat barely misses you.
You are too injured to fight recklessly!
You are too injured to fight recklessly!
You are too injured to fight recklessly!
You are too injured to fight recklessly!
You thump the giant cockroach!
You kill the giant cockroach!
The bat hits you but does no damage. You block the ball python's attack.
The ball python barely misses you. The ball python bites you.
The ball python barely misses you. The bat barely misses you.
The bat hits you but does no damage.
The ball python bites you but does no damage.
The ball python grabs you. The ball python constricts you.
You see here a giant cockroach corpse.
You thump the bat!
You kill the bat!
The bat hits you. x2
* * * LOW HITPOINT WARNING * * *
The ball python closely misses you. The ball python constricts you.
The ball python bites you.
* * * LOW HITPOINT WARNING * * *
The ball python constricts you.
You escape the ball python's grasp.
The bat attacks as you move away! The bat barely misses you.
The bat hits you but does no damage. The bat hits you but does no damage.
The ball python barely misses you. The ball python closely misses you.
The bat barely misses you.
The ball python bites you but does no damage.
The ball python closely misses you.
You see here a giant cockroach corpse.
You hit the ball python but do no damage.
The bat hits you but does no damage.
The ball python bites you but does no damage.
The ball python closely misses you.
You barely miss the ball python. The bat closely misses you.
The ball python bites you.
* * * LOW HITPOINT WARNING * * *
The ball python grabs you. The ball python constricts you.
The ball python bites you.
You die...

.. .... #.# #..# .#. ...
#.#### ##.# #....##.#
#....####.#
...#....###....##....
.....##..).....##.... #
#.....).....##††.. ...
####..†..##.......
###..####..........#.....
........@b..........†....
###.#..#S#.......###.....
...#.?.#.......# #.....
##.....##...............
#......................
......##...............
...### #...............
.... ################


You could see a bat and a ball python.

Vanquished Creatures
  A ball python (D:1)
  2 bats (D:1)
  A giant cockroach (D:1)
  A goblin (D:1)
  A hobgoblin (D:1)
  A kobold (D:1)
  A quokka (D:1)
  2 frilled lizards (D:1)
  A rat (D:1)
11 creatures vanquished.

Notes
Turn   | Place    | Note
-------+----------+-------------------------------------------
     0 | D:1      | rsvaco the Gargoyle Reaver began the quest for the Orb.
     0 | D:1      | Reached XP level 1. HP: 12/12 MP: 3/3
    66 | D:1      | Reached XP level 2. HP: 14/17 MP: 5/5
    93 | D:1      | Slain by a ball python

Illustrated notes

Levels and vault maps discovered:
D:1:      dpeg_arrival_fog, layout_rooms, ebering_ecumenical_altar_mist

Action                   || total
-------------------------++-------
Melee: Mace              ||    22
Armor: Leather armour    ||    27
Dodge: Dodged            ||    38
Block: Buckler           ||     4

Table legend: (Time is in decaauts)
 A = Elapsed time spent in this place.
 B = Non-inter-level travel time spent in this place.
 C = Inter-level travel time spent in this place.
 D = Time resting spent in this place.
 E = Time spent auto-exploring this place.
 F = Levels seen in this place.
 G = Mean time per level.
                   A        B        C        D        E       F      G
               +--------+--------+--------+--------+--------+-----+--------+
         Total |     99 |     99 |      0 |      0 |      1 |   1 |   99.0 |
       Dungeon |     99 |     99 |      0 |      0 |      1 |   1 |   99.0 |
               +--------+--------+--------+--------+--------+-----+--------+

Top non-repeatable levels by time:
     D:1: 99 daAuts
